 Dungeon Crawl Stone Soup version 0.26-a0-52-gd53d4cd (webtiles) character file.

Game seed: 7260560432474022357

5188 thirtiethelement the Blocker (level 10, -11/82 HPs)
             Began as a Gnoll Fighter on June 7, 2020.
             Was a Priest of Okawaru.
             Mangled by a death yak (19 damage)
             ... on level 8 of the Dungeon.
             The game lasted 00:15:07 (8477 turns).

thirtiethelement the Blocker (Gnoll Fighter)        Turns: 8477, Time: 00:15:07

Health: -11/82     AC: 21    Str: 21    XL:     10   Next: 60%
Magic:  18/18      EV: 18    Int: 12    God:    Okawaru [***...]
Gold:   332        SH:  0    Dex: 14    Spells: 19/19 levels left

rFire    . . .     SeeInvis .   s - +5 battleaxe
rCold    . . .     Gourm    .   (shield currently unavailable)
rNeg     + + +     Faith    .   h - +4 ring mail of Free Will {rElec rPois rN+++ Stlth-}
rPois    +         Spirit   .   (no helmet)
rElec    +         Reflect  .   l - +2 cloak
rCorr    .         Harm     .   (no gloves)
MR       .....                  m - +2 pair of boots
Stlth    +.........             (no amulet)
HPRegen  0.23/turn              b - +4 ring of protection
MPRegen  0.16/turn              y - +4 ring of evasion

@: no status effects
A: distributed training, fangs 1, strong nose
a: Heroism, Renounce Religion


You were on level 8 of the Dungeon.
You worshipped Okawaru.
Okawaru was most pleased with you.
You were hungry.

You visited 2 branches of the dungeon, and saw 10 of its levels.

You collected 485 gold pieces.
You spent 153 gold pieces at shops.

Inventory:

Hand Weapons
 a - a +1 war axe
 c - the +0 war axe "Deyt" {pain, rN+}
   (You bought it in a shop on level 6 of the Dungeon)

   In the hands of one skilled in necromantic magic, it inflicts extra damage on
   living creatures.
   It protects you from negative energy.
 p - a +2 vampiric hand axe
 s - a +5 battleaxe (weapon)
Armour
 h - the +4 ring mail of Free Will (worn) {rElec rPois rN+++ Stlth-}
   (You found it on level 8 of the Dungeon)

   It insulates you from electricity.
   It protects you from poison.
   It renders you almost immune to negative energy.
   It makes you less stealthy.
 l - a +2 cloak (worn)
 m - a +2 pair of boots (worn)
Jewellery
 b - a +4 ring of protection (left hand)
 w - an uncursed ring of protection from fire
 y - a +4 ring of evasion (right hand)
Wands
 g - a wand of flame (18)
 z - a wand of random effects (16)
 D - a wand of paralysis (7)
Scrolls
 e - a scroll of enchant armour
 i - 4 scrolls of remove curse
 j - 3 scrolls of teleportation
 o - a scroll of amnesia
 t - 4 scrolls of magic mapping
 x - 6 scrolls of identify
 B - a scroll of blinking
Potions
 d - 4 potions of might
 k - a potion of haste
 n - 3 potions of stabbing
 q - 3 potions of heal wounds {unknown}
 r - 2 potions of ambrosia
 u - a potion of magic
 v - a potion of brilliance
 C - 4 potions of mutation {unknown}
Comestibles
 f - 15 rations


   Skills:
 + Level 8.5 Fighting
 + Level 5.3 Short Blades
 + Level 5.3 Long Blades
 + Level 7.1 Axes
 + Level 5.3 Maces & Flails
 + Level 5.3 Polearms
 + Level 5.3 Staves
 + Level 5.3 Slings
 + Level 5.3 Bows
 + Level 5.3 Crossbows
 + Level 5.3 Throwing
 + Level 8.5 Armour
 + Level 5.3 Dodging
 + Level 5.3 Stealth
 + Level 8.5 Shields
 + Level 5.3 Unarmed Combat
 + Level 5.3 Spellcasting
 + Level 4.4 Conjurations
 + Level 4.4 Hexes
 + Level 4.4 Charms
 + Level 4.4 Summonings
 + Level 4.4 Necromancy
 + Level 4.4 Translocations
 + Level 4.4 Transmutations
 + Level 4.4 Fire Magic
 + Level 4.4 Ice Magic
 + Level 4.4 Air Magic
 + Level 4.4 Earth Magic
 + Level 4.4 Poison Magic
 + Level 5.9 Invocations
 + Level 5.3 Evocations


You had 19 spell levels left.
You didn't know any spells.
Your spell library was empty.

Dungeon Overview and Level Annotations

Branches:
Dungeon (9/15)             Temple (1/1) D:4
   Lair: D:8-11         Orc: D:9-12

Altars:
Ashenzari
Cheibriados
Dithmenos
Elyvilon
Fedhas
Gozag
Kikubaaqudgha
Makhleb
Nemelex Xobeh
Okawaru
Qazlal
Ru
Sif Muna
Trog
Uskayaw
Vehumet
Wu Jian
Yredelemnul
Zin
The Shining One

Shops:
D:5 :   D:6 (   D:7 *

Annotations:
D:6 Prince Ribbit


Innate Abilities, Weirdness & Mutations

Your experience applies equally to all skills.
You have very sharp teeth.
Your uncanny sense of smell can sniff out nearby items.


Message History

You slash the death yak!
You bite the death yak, but do no damage.
The death yak is severely wounded.
The death yak gores you but does no damage.
You hit the death yak but do no damage.
You bite the death yak, but do no damage.
The death yak is severely wounded.
The death yak gores you.
* * * LOW HITPOINT WARNING * * *
The death yak gores you!
* * * LOW HITPOINT WARNING * * *
You slash the death yak!
You bite the death yak, but do no damage.
The death yak is almost dead.
The death yak barely misses you.
You slash the death yak!
You bite the death yak, but do no damage.
The death yak is almost dead.
The death yak gores you!!
You die...

#..............#.........###.
#............####......(.##..
#.......#....####............
#.........................##.
#.......#....####........###.
####.......###..####(.......#
#.
#..........####.#....##.###.#
#. #.#########...†.Y.#####.#
#.###. #.# ##......###@.##
###.###..... #.# #..######
##.####...#....... ##.###.##
#......###.#####. .....#.#
##..##......# #. .#.#####
#......###### #. .._..#####
#...#### ##
##.#.#...#######.#.###
.....###.............# ##.###
########......#


You could see a death yak.

Vanquished Creatures
  A death yak (D:8)
  Pikel (D:4)
  A hippogriff (D:7)
  Sigmund (D:4)
  A yak (D:9)
  A water moccasin (D:6)
  Duvessa (D:4)
  An ice beast (D:8)
  An orc warrior (D:9)
  5 ogres
  A necrophage (D:8)
  3 black bears
  2 centaurs
  A big kobold (D:9)
  5 bullfrogs
  Dowan (D:4)
  9 killer bees (D:8)
  8 wights
  2 howler monkeys (D:6)
  2 crimson imps (D:6)
  3 jellies
  A gnoll shaman (D:9)
  A hound (D:9)
  Crazy Yiuf (D:2)
  2 bullfrog skeletons (D:6)
  5 orc priests
  4 orc wizards
  Ijyb (D:3)
  2 worker ants
  Natasha (thrice) (D:2)
  2 iguanas
  2 hound skeletons
  A worker ant zombie (D:8)
  Robin (D:2)
  6 adders
  6 gnolls
  2 adder zombies (D:8)
  An adder skeleton (D:4)
  5 worms
  2 dart slugs
  3 leopard geckos
  35 orcs
  2 ball pythons
  7 giant cockroaches
  14 goblins
  16 hobgoblins
  9 jackals
  4 quokkas
  8 bats
  7 frilled lizards
  12 kobolds
  A quokka skeleton (D:7)
  10 rats
227 creatures vanquished.

Vanquished Creatures (others)
  A big kobold (D:9)
  2 adders
  2 quokkas (D:9)
5 creatures vanquished.

Grand Total: 232 creatures vanquished

Notes
Turn   | Place    | Note
-------+----------+-------------------------------------------
     0 | D:1      | thirtiethelement the Gnoll Fighter began the quest for the
                  | Orb.
     0 | D:1      | Reached XP level 1. HP: 23/23 MP: 1/1
   173 | D:1      | Reached XP level 2. HP: 22/29 MP: 2/2
   776 | D:2      | Noticed Natasha
   780 | D:2      | Noticed a crimson imp
   785 | D:2      | Killed Natasha
   785 | D:2      | Reached skill level 1 in Invocations
   785 | D:2      | Reached XP level 3. HP: 14/35 MP: 2/4
   850 | D:2      | Noticed Natasha
   862 | D:2      | Killed Natasha
   862 | D:2      | Reached skill level 1 in Short Blades
   862 | D:2      | Reached skill level 1 in Long Blades
   862 | D:2      | Reached skill level 1 in Maces & Flails
   862 | D:2      | Reached skill level 1 in Polearms
   862 | D:2      | Reached skill level 1 in Staves
   862 | D:2      | Reached skill level 1 in Slings
   862 | D:2      | Reached skill level 1 in Bows
   862 | D:2      | Reached skill level 1 in Crossbows
   862 | D:2      | Reached skill level 1 in Throwing
   862 | D:2      | Reached skill level 1 in Dodging
   862 | D:2      | Reached skill level 1 in Stealth
   862 | D:2      | Reached skill level 1 in Unarmed Combat
   862 | D:2      | Reached skill level 1 in Spellcasting
   862 | D:2      | Reached skill level 1 in Evocations
   862 | D:2      | Reached XP level 4. HP: 19/41 MP: 5/5
   864 | D:2      | Noticed Robin
   868 | D:2      | Killed Robin
   874 | D:2      | Reached skill level 1 in Conjurations
   874 | D:2      | Reached skill level 1 in Hexes
   874 | D:2      | Reached skill level 1 in Charms
   874 | D:2      | Reached skill level 1 in Summonings
   874 | D:2      | Reached skill level 1 in Necromancy
   874 | D:2      | Reached skill level 1 in Translocations
   874 | D:2      | Reached skill level 1 in Transmutations
   874 | D:2      | Reached skill level 1 in Fire Magic
   874 | D:2      | Reached skill level 1 in Ice Magic
   874 | D:2      | Reached skill level 1 in Air Magic
   874 | D:2      | Reached skill level 1 in Earth Magic
   874 | D:2      | Reached skill level 1 in Poison Magic
  1091 | D:2      | Noticed Natasha
  1104 | D:2      | Killed Natasha
  1104 | D:2      | Reached XP level 5. HP: 31/47 MP: 6/6
  1410 | D:2      | Found a stormy altar of Qazlal.
  1411 | D:2      | Found an ornate altar of the Wu Jian Council.
  1746 | D:2      | Found a runed translucent door.
  1747 | D:2      | Noticed Crazy Yiuf
  1756 | D:2      | Killed Crazy Yiuf
  2395 | D:3      | Reached XP level 6. HP: 42/53 MP: 8/8
  2750 | D:3      | Noticed Ijyb
  3044 | D:3      | Killed Ijyb
  3429 | D:4      | Reached skill level 5 in Axes
  3616 | D:4      | Noticed Sigmund
  3625 | D:4      | Killed Sigmund
  3625 | D:4      | Reached XP level 7. HP: 51/59 MP: 8/10
  3723 | D:4      | Noticed Pikel
  3742 | D:4      | Killed Pikel
  3742 | D:4      | Reached XP level 8. HP: 33/67 MP: 10/12
  3977 | D:4      | Found a staircase to the Ecumenical Temple.
  3986 | Temple   | Entered the Ecumenical Temple
  3996 | Temple   | Became a worshipper of Warmaster Okawaru
  4587 | D:4      | Noticed Duvessa
  4588 | D:4      | Noticed Dowan
  4592 | D:4      | Killed Duvessa
  4606 | D:4      | Killed Dowan
  4767 | D:5      | Entered Level 5 of the Dungeon
  4782 | D:5      | Reached * piety under Okawaru
  4967 | D:5      | Found Ysunliok's Book Shoppe.
  5426 | D:6      | Reached XP level 9. HP: 69/72 MP: 14/14
  5553 | D:6      | Found a shattered altar of Ashenzari.
  5699 | D:6      | Reached ** piety under Okawaru
  5795 | D:6      | Found an ancient bone altar of Kikubaaqudgha.
  5955 | D:6      | Found a shadowy altar of Dithmenos.
  6107 | D:6      | Found Gujupil's Antique Weapon Boutique.
  6113 | D:6      | Bought an ichor-stained war axe for 153 gold pieces
  6113 | D:6      | Identified the cursed +0 war axe "Deyt" {pain, rN+} (You
                  | bought it in a shop on level 6 of the Dungeon)
  6170 | D:6      | Noticed Prince Ribbit
  6455 | D:6      | Found a burning altar of Makhleb.
  6456 | D:6      | Found a radiant altar of Vehumet.
  6583 | D:7      | Found a glowing silver altar of Zin.
  6584 | D:7      | Found Zin's Purification Station.
  6626 | D:7      | Found a hide-covered altar of Uskayaw.
  6629 | D:7      | Noticed a +0 dagger
  6630 | D:7      | Noticed a +0 dagger
  6897 | D:7      | Found a glowing golden altar of the Shining One.
  7242 | D:8      | Found an opulent altar of Gozag.
  7244 | D:8      | Reached skill level 5 in Invocations
  7268 | D:8      | Reached *** piety under Okawaru
  7323 | D:8      | Reached XP level 10. HP: 44/80 MP: 15/17
  7330 | D:8      | Received a gift from Okawaru
  7671 | D:8      | Got a distressingly furry ring mail
  7677 | D:8      | Identified the +4 ring mail of Free Will {rElec rPois rN+++
                  | Stlth-} (You found it on level 8 of the Dungeon)
  7709 | D:8      | Found a sacrificial altar of Ru.
  7998 | D:8      | Reached skill level 5 in Short Blades
  7998 | D:8      | Reached skill level 5 in Long Blades
  7998 | D:8      | Reached skill level 5 in Maces & Flails
  7998 | D:8      | Reached skill level 5 in Polearms
  7998 | D:8      | Reached skill level 5 in Staves
  7998 | D:8      | Reached skill level 5 in Slings
  7998 | D:8      | Reached skill level 5 in Bows
  7998 | D:8      | Reached skill level 5 in Crossbows
  7998 | D:8      | Reached skill level 5 in Throwing
  7998 | D:8      | Reached skill level 5 in Dodging
  7998 | D:8      | Reached skill level 5 in Stealth
  7998 | D:8      | Reached skill level 5 in Unarmed Combat
  7998 | D:8      | Reached skill level 5 in Spellcasting
  7998 | D:8      | Reached skill level 5 in Evocations
  8301 | D:9      | Noticed a death yak
  8302 | D:9      | Noticed a death yak
  8318 | D:8      | Killed a death yak
  8477 | D:8      | Mangled by a death yak

Illustrated notes

Levels and vault maps discovered:
D:1:      wander_arrival_peaceful_grave, layout_loops_ring
D:2:      layout_loops_cross, grunt_temple_overflow_open, uniq_natasha,
          uniq_crazy_yiuf_cottage, uniq_robin
D:3:      layout_rooms, first_ration, interstate_on_off, uniq_ijyb
D:4:      layout_basic, minmay_temple_entry_large_hall, hex_intersection,
          uniq_sigmund, uniq_pikel, uniq_duvessa
D:5:      layout_cave_pools, serial_shops, shop, minivault_1
D:6:      minmay_angry_zag, layout_basic,
          grunt_temple_overflow_lords_of_destruction, lemuel_doored_altar,
          ashenzari_altar_1, serial_shops, shop, minmay_misc_feat_diagonals,
          grunt_dithmenos_smoke_and_mirrors, uniq_prince_ribbit1
D:7:      layout_rooms, zin_purify, dancing_weapons_uskayaw, tso_metal_star,
          grunt_ogre_cave, minivault_11
D:8:      layout_rooms, nicolae_ru_great_annihilating_truth,
          nicolae_gozag_cash_rules_everything_around_me
D:9:      layout_basic, xom_confusion_cloud, marbit_many_paths,
          kennysheep_mini_moat, dpeg_lair_monsters, david_orc_2, serial_glass,
          glass_columns_a, glass_columns_b, item_on_display_b, feat_on_display,
          minmay_misc_feat_enclosed
Temple:   chequers_temple_sunken

Skill      XL: |  1  2  3  4  5  6  7  8  9 10 |
---------------+-------------------------------+-----
Invocations    | 1 2 3 4 5 |  5.9
Short Blades   | 1 2 3 4 5 |  5.3
Long Blades    | 1 2 3 4 5 |  5.3
Maces & Flails | 1 2 3 4 5 |  5.3
Polearms       | 1 2 3 4 5 |  5.3
Staves         | 1 2 3 4 5 |  5.3
Slings         | 1 2 3 4 5 |  5.3
Bows           | 1 2 3 4 5 |  5.3
Crossbows      | 1 2 3 4 5 |  5.3
Throwing       | 1 2 3 4 5 |  5.3
Dodging        | 1 2 3 4 5 |  5.3
Stealth        | 1 2 3 4 5 |  5.3
Unarmed Combat | 1 2 3 4 5 |  5.3
Spellcasting   | 1 2 3 4 5 |  5.3
Evocations     | 1 2 3 4 5 |  5.3
Conjurations   | 1 2 3 4 |  4.4
Hexes          | 1 2 3 4 |  4.4
Charms         | 1 2 3 4 |  4.4
Summonings     | 1 2 3 4 |  4.4
Necromancy     | 1 2 3 4 |  4.4
Translocations | 1 2 3 4 |  4.4
Transmutations | 1 2 3 4 |  4.4
Fire Magic     | 1 2 3 4 |  4.4
Ice Magic      | 1 2 3 4 |  4.4
Air Magic      | 1 2 3 4 |  4.4
Earth Magic    | 1 2 3 4 |  4.4
Poison Magic   | 1 2 3 4 |  4.4
Axes           | 5 6 7 |  7.1
Fighting       | 7 8 |  8.5
Armour         | 7 8 |  8.5
Shields        | 7 8 |  8.5

Action                   |  1- 3 |  4- 6 |  7- 9 | 10-12 || total
-------------------------+-------+-------+-------+-------++-------
Melee: War axe           |    63 |   196 |    66 |       ||   325
       Bite              |     2 |    16 |    29 |    19 ||    66
       Battleaxe         |       |       |   182 |   123 ||   305
Invok: Heroism           |       |       |       |     1 ||     1
Evoke: Wand              |       |     1 |       |       ||     1
  Use: Scroll            |     5 |     3 |    10 |     3 ||    21
       Potion            |       |       |       |     1 ||     1
 Stab: Paralysed         |       |       |       |     1 ||     1
  Eat: Chunk             |       |     6 |     5 |       ||    11
       Ration            |       |     1 |     2 |     1 ||     4
Armor: Scale mail        |    28 |    62 |   113 |    10 ||   213
       Ring mail         |       |       |       |    42 ||    42
Dodge: Dodged            |    18 |    87 |   217 |   132 ||   454
Block: Kite shield       |    41 |   123 |    53 |       ||   217

Table legend:
 A = Non-vault XP
 B = Vault XP
 C = Vault XP percentage of total XP
 D = Non-vault monster count
 E = Vault monster count
 F = Vault count percentage of total count
                 A         B        C        D         E       F
            +---------+---------+-------+---------+---------+-------
      Total |    5113 |    2299 |  31.0 |     200 |      27 |  11.9
            +---------+---------+-------+---------+---------+-------
        D:1 |      25 |       0 |   0.0 |      17 |       0 |   0.0
        D:2 |     157 |     110 |  41.2 |      27 |      13 |  32.5
        D:3 |      82 |      36 |  30.5 |      30 |       1 |   3.2
        D:4 |     467 |    1071 |  69.6 |      18 |       4 |  18.2
        D:5 |     381 |       0 |   0.0 |       9 |       0 |   0.0
        D:6 |    1105 |     104 |   8.6 |      27 |       3 |  10.0
        D:7 |     485 |     121 |  20.0 |      15 |       1 |   6.2
        D:8 |    1538 |     857 |  35.8 |      31 |       5 |  13.9
        D:9 |     873 |       0 |   0.0 |      26 |       0 |   0.0
            +---------+---------+-------+---------+---------+-------
